 Dungeon Crawl Stone Soup version 0.21.1-1-g345015f (webtiles) character file.

654464 xccam the Conqueror (level 27, -3/367 HPs)
             Began as a Minotaur Berserker on Feb 12, 2018.
             Was a High Priest of Trog.
             Slain by an emperor scorpion (6 damage)
             ... summoned by a greater mummy
             ... on level 2 of the Tomb of the Ancients on Feb 13, 2018.
             The game lasted 03:50:11 (53608 turns).

xccam the Conqueror (Minotaur Berserker)           Turns: 53608, Time: 03:50:12

Health: -3/367     AC: 41    Str: 37    XL:     27
Magic:  34/34      EV: 22    Int: 11    God:    Trog [*****.]
Gold:   5896       SH: 40    Dex: 14    Spells: 26/26 levels left

rFire    + . .     SeeInvis .   H - +6 demon whip (flame)
rCold    + + .     Gourm    .   V - +18 shield of the Gong {rElec rN+ MR+ EV-5}
rNeg     + + +     Faith    .   W - +6 gold dragon scales
rPois    +         Spirit   .   b - +2 hat
rElec    +         Reflect  +   X - +1 cloak of Starlight {rElec rC+ EV+4 Stlth--}
rCorr    .         Harm     .   s - +2 pair of gloves {Str+3}
MR       ++++.                  B - +1 pair of boots
Stlth    ..........             G - +5 amulet of reflection
HPRegen  0.71/turn              U - ring of positive energy
MPRegen  0.24/turn              R - ring of Venwity {rN+ MP+9 Str+5 Int+2 Dex-4}

@: berserking (expiring), slowed
A: retaliatory headbutt, horns 2, thin metallic scales 1, blurry vision 2,
clever 2, deformed body, frail 1, magic resistance 1, weak 1
}: 4/15 runes: decaying, slimy, silver, gossamer
a: Berserk, Trog's Hand, Brothers in Arms, Burn Spellbooks, Renounce Religion


You were on level 2 of the Tomb of the Ancients.
You worshipped Trog.
Trog was extremely pleased with you.
You were not hungry.

You visited 11 branches of the dungeon, and saw 54 of its levels.
You visited 1 bazaar.
You also visited: Bailey.

You collected 8190 gold pieces.
You spent 2294 gold pieces at shops.

Inventory:

Hand Weapons
 a - a +9 demon whip of freezing
 H - a +6 demon whip of flaming (weapon)
 Z - a +2 demon whip of electrocution
Armour
 b - a +2 hat (worn)
 e - the +0 buckler of Listlessness {rF- rC++ rCorr Dex+3}
   (You acquired it on level 10 of the Dungeon)

   It affects your dexterity (+3).
   It makes you vulnerable to fire.
   It greatly protects you from cold.
   It protects you from acid and corrosion.
 s - a +2 pair of gloves of strength (worn)
 B - a +1 pair of boots (worn)
 J - the +10 plate armour of the Thoughtful Deaths {+Blink Str+2 Stlth+}
   (You found it on level 3 of the Depths)

   It affects your strength (+2).
   It lets you blink.
   It makes you more stealthy.
 O - the +7 shield of Jigsaw {rF+ Slay+3}
   (You took it off Donald on level 3 of the Spider Nest)

   It affects your accuracy and damage with ranged weapons and melee attacks
   (+3).
   It protects you from fire.
 V - the +18 shield of the Gong (worn) {rElec rN+ MR+ EV-5}
   (You found it on level 6 of the Lair of Beasts)

   It affects your evasion (-5).
   It insulates you from electricity.
   It protects you from negative energy.
   It affects your resistance to hostile enchantments.
 W - +6 gold dragon scales (worn)
 X - the +1 cloak of Starlight (worn) {rElec rC+ EV+4 Stlth--}
   (You found it on level 6 of the Lair of Beasts)

   It affects your evasion (+4).
   It protects you from cold.
   It insulates you from electricity.
   It makes you much less stealthy.
Jewellery
 h - the ring of Jeplaosh {rF+ Int+2}
   (You found it on level 5 of the Vaults)

   [ring of intelligence]

   It affects your intelligence (+2).
   It protects you from fire.
 k - the amulet "Jenyl" {RegenMP *Drain rPois Str+3 Int+4}
   (You found it on level 5 of the Pits of Slime)

   [amulet of magic regeneration]

   It increases your magic regeneration.
   It affects your strength (+3).
   It affects your intelligence (+4).
   It protects you from poison.
   It causes draining when unequipped.
 o - a +3 amulet of reflection
 u - the ring of Vehumet's Benevolence {+Fly rC++}
   (You took it off a deep elf mage on level 3 of the Depths)

   [ring of flight]

   It greatly protects you from cold.
   It lets you fly.
 v - the ring of Conformity {rF+ rC+ Str+4}
   (You bought it in a shop on level 2 of the Orcish Mines)

   [ring of protection from cold]

   It affects your strength (+4).
   It protects you from fire.
   It protects you from cold.
 z - the amulet of Geak {rElec rF+ rC+ Regen+ Str+3}
   (You found it on level 5 of the Pits of Slime)

   [amulet of regeneration]

   It affects your strength (+3).
   It protects you from fire.
   It protects you from cold.
   It insulates you from electricity.
   It increases your rate of regeneration.
 D - an uncursed ring of protection from magic
 G - a +5 amulet of reflection (around neck)
 L - an uncursed ring of positive energy
 R - the ring of Venwity (right hand) {rN+ MP+9 Str+5 Int+2 Dex-4}
   (You took it off a yaktaur captain on level 5 of the Vaults)

   [ring of magical power]

   It affects your strength (+5).
   It affects your intelligence (+2).
   It affects your dexterity (-4).
   It protects you from negative energy.
   It affects your magic capacity (+9).
 S - the ring of Zylef {rPois Dex+4 Stlth+}
   (You took it off a deep elf annihilator on level 3 of the Elven Halls)

   [ring of dexterity]

   It affects your dexterity (+4).
   It protects you from poison.
   It makes you more stealthy.
 U - a ring of positive energy (left hand)
Wands
 g - a wand of flame (49)
 w - a wand of iceblast (51)
 A - a wand of acid (27)
Scrolls
 f - 25 scrolls of teleportation
 i - 9 scrolls of magic mapping
 n - 13 scrolls of identify
 r - 2 scrolls of blinking
 t - 23 scrolls of remove curse
 y - a scroll of silence
 C - 2 scrolls of summoning
 F - 6 scrolls of fear
 K - 7 scrolls of fog
Potions
 d - a potion of brilliance
 l - 2 potions of resistance
 q - 26 potions of curing
 E - 7 potions of haste
 I - 6 potions of might
 N - 4 potions of flight
 P - 4 potions of mutation
 T - 8 potions of agility
Books
 m - a book of Battle

   Spells                             Type                      Level
   a - Infusion                       Charms                       1
   b - Shroud of Golubria             Charms/Translocation         2
   c - Song of Slaying                Charms                       2
   d - Spectral Weapon                Hexes/Charms                 3
   e - Regeneration                   Charms/Necromancy            3
   Trog disapproves of the use of such an item.
Comestibles
 c - 65 rations


   Skills:
 O Level 27 Fighting
 - Level 20.5 Maces & Flails
 O Level 27 Armour
 + Level 26.7 Dodging
 - Level 18.6 Shields
 - Level 4.0 Evocations


You had 26 spell levels left.
You didn't know any spells.

Dungeon Overview and Level Annotations

Branches:
Dungeon (15/15)            Temple (0/1) D:4            Lair (6/6) D:9
  Swamp (4/4) Lair:3       Spider (4/4) Lair:4        Slime (5/5) Lair:6
    Orc (2/2) D:9             Elf (3/3) Orc:2        Vaults (5/5) D:14
  Crypt (3/3) Vaults:2       Tomb (2/3) Crypt:3      Depths (5/5) D:15
    Zot (0/5) Depths:5

Altars:
Ashenzari
Fedhas
Gozag
Hepliaklqana
Kikubaaqudgha
Makhleb
Nemelex Xobeh
Okawaru
Ru
Trog
Xom
Yredelemnul
Zin
Jiyva

Shops:
D:4 [   Orc:2 *[(=   Elf:1 :=   Elf:2 [   Vaults:2 (

Portals:
Hell: Depths:1 Depths:2 Depths:3 Depths:4 Depths:5
Abyss: Depths:2 Depths:3 Depths:4
Pandemonium: Depths:1 Depths:3
Ziggurat: Depths:2


Innate Abilities, Weirdness & Mutations

You reflexively headbutt those who attack you in melee.
You have a pair of horns on your head.
You are partially covered in thin metallic scales. (AC +2)
Scrolls take you longer to read.
Your mind is very acute. (Int +4)
Armour fits poorly on your strangely shaped body.
You are frail. (-10% HP)
You are resistant to hostile enchantments. (MR+)
You are weak. (Str -2)


Message History

The soul eater is lost in a daze.
You hit the greater mummy but do no damage.
Your headbutt misses the greater mummy.
The greater mummy is almost destroyed.
You block the death scarab's attack.
GONNNNG!
You block the death scarab's attack.
PANG!
The death scarab is lost in a daze.
The jiangshi is lost in a daze.
You block the emperor scorpion's attack.
PTOANNNG!
The emperor scorpion barely misses you.
The emperor scorpion completely misses you.
You block the death scarab's attack.
PANG!
The death scarab bites you but does no damage.
The emperor scorpion stings you but does no damage.
The emperor scorpion closely misses you.
The emperor scorpion claws you.
You die...

##.........(.##
...............
.........[...)%
W.......$.M..
#......z..#
#...sWZ†Z.#
#...sssM..#
#.M3M@{V.M#
#..ssss...#
#..sM4.†..#
#...M.....#
M.......%....
.......[.......
...............
##...=.......##


You could see 2 greater mummies, 6 emperor scorpions, 2 mummy priests, a
jiangshi (dazed), a soul eater (dazed), a phantasmal warrior (dazed), a hellwing
(dazed), 2 guardian mummies, a freezing wraith (dazed), a spectral ice dragon, 3
death scarabs, 2 mummies, a wight and a golden dragon skeleton (dazed).

Vanquished Creatures
  the Royal Jelly (Slime:5)
  2 ancient liches
  3 greater mummies
  Xtahua (Vaults:5)
  4 caustic shrikes
  5 golden dragons
  The ghost of Fairytaker the Executioner, an adept HOFi of the Shining One (Elf:3)
  Jory (Vaults:5)
  A profane servitor (Crypt:3)
  A bone dragon (Crypt:3)
  Arachne (Spider:4)
  12 liches
  Jorgrun (Vaults:3)
  4 tentacled monstrosities
  3 quicksilver dragons
  A deep elf blademaster (Elf:2)
  15 sphinxes
  4 titans
  3 deep elf master archers (Elf:3)
  8 ancient champions
  The ghost of Monsterracer the Unseen, an adept OpMo of Dithmenos (Vaults:2)
  6 thorn hunters
  27 acid blobs
  A large abomination (Depths:3)
  2 storm dragons (Vaults:5)
  Kirke (Lair:6)
  13 tengu reavers
  9 shadow dragons
  Donald (Spider:3)
  6 fire giants
  20 azure jellies
  4 revenants
  4 iron dragons
  12 deep elf sorcerers
  Louise (Spider:4)
  A draconian scorcher (Depths:5)
  10 frost giants
  22 vault wardens
  2 curse skulls (Crypt:1)
  3 ghost moths
  4 deep elf elementalists
  4 emperor scorpions
  A cacodemon (Depths:3)
  19 ironheart preservers
  4 spriggan defenders (Depths:3)
  29 very ugly things
  A reaper (Crypt:3)
  6 ghouls
  2 entropy weavers
  2 war gargoyles
  19 stone giants
  A juggernaut skeleton (Depths:3)
  9 vampire knights
  A yellow draconian (Depths:5)
  2 black draconians (Depths:5)
  A white draconian (Depths:5)
  6 deep elf annihilators
  A spark wasp (Depths:4)
  5 deep elf demonologists
  Azrael (D:12)
  13 ettins
  8 deep elf death magi
  8 death oozes
  3 eidola
  8 mummy priests
  11 jiangshi
  15 fire dragons
  25 great orbs of eyes
  A merfolk impaler (Depths:2)
  Josephine (Lair:4)
  32 yaktaur captains
  11 deep elf high priests
  5 rakshasas
  12 ice dragons
  2 spriggan air magi
  2 ghost crabs (Swamp:4)
  35 vault guards
  A merfolk avatar (Lair:6)
  A catoblepas (D:14)
  22 hydras
  A hydra (shapeshifter) (Depths:2)
  A caustic shrike simulacrum (Depths:3)
  8 centaur warriors
  17 ogre magi
  29 dancing weapons
  5 deep troll shamans
  12 alligators
  5 death knights
  51 two-headed ogres
  30 death scarabs
  4 death yaks
  The ghost of s04p the Martial Artist, a novice GnMo (D:8)
  7 deep troll earth magi
  A small abomination (Elf:3)
  5 vampire magi
  An orc high priest (Orc:1)
  7 spriggan berserkers
  5 tengu warriors
  2 soul eaters (Crypt:1)
  26 deep elf knights
  A sun demon (Depths:3)
  An iron troll (Depths:2)
  172 slime creatures
  A spectral emperor scorpion (Spider:4)
  4 hell knights (Depths:3)
  7 shadow wraiths
  33 skeletal warriors
  A spark wasp zombie (Depths:3)
  4 unseen horrors
  A ghost moth zombie (Crypt:1)
  4 flayed ghosts
  A death drake (shapeshifter) (Vaults:3)
  2 spriggan druids
  32 deep trolls
  A sea snake (Lair:6)
  14 deep elf archers
  5 wizards
  4 swamp dragons
  12 ironbrand convokers
  4 shambling mangroves
  6 necromancers
  3 spectral wolf spiders (Spider:4)
  2 harpies
  13 orc knights
  Pikel (D:8)
  54 deep elf magi
  15 phantasmal warriors
  3 wolf spider zombies
  60 ugly things
  24 wolf spiders
  3 manticores
  16 orb spiders
  A mana viper (shapeshifter) (Vaults:5)
  A cyclops (shapeshifter) (Depths:4)
  6 shining eyes
  6 orc sorcerers
  A moth of wrath (Spider:4)
  A salamander (shapeshifter) (Vaults:2)
  2 black mambas (shapeshifter)
  2 frost giant zombies
  5 cyclopes
  A sphinx skeleton (Depths:3)
  10 elephants
  A frost giant skeleton (Crypt:1)
  5 centaur zombies
  A rust devil (Depths:3)
  4 black mambas
  21 vault sentinels
  An orange demon (Depths:3)
  A gargoyle (D:14)
  14 spiny frogs
  2 torpor snails
  An emperor scorpion zombie (Crypt:1)
  6 eyes of devastation
  A kobold demonologist (Bailey)
  A pale draconian zombie (Crypt:1)
  5 spectral swamp worms (Depths:5)
  6 freezing wraiths
  3 spectral redbacks (Spider:4)
  A swamp worm zombie (Crypt:2)
  9 rime drakes
  An efreet (D:15)
  A redback zombie (Spider:4)
  7 demonic crawlers
  A ghost moth simulacrum (Crypt:1)
  A grey draconian skeleton (Crypt:3)
  11 komodo dragons
  83 yaktaurs
  13 guardian mummies
  5 tengu conjurers
  A jumping spider (shapeshifter) (Vaults:2)
  2 meliai (shapeshifter)
  A tyrant leech (shapeshifter) (Depths:3)
  36 jumping spiders
  3 trolls
  6 polar bears
  2 polar bears (shapeshifter) (Vaults:2)
  4 spectral tarantellas (Spider:4)
  5 tyrant leeches
  32 hornets
  2 spectral jumping spiders (Spider:4)
  2 jumping spider zombies
  11 blink frogs
  A harpy skeleton (Crypt:1)
  A hydra skeleton (Crypt:3)
  An alligator zombie (Crypt:3)
  16 bog bodies
  A dream sheep (shapeshifter) (Depths:5)
  13 hippogriffs
  4 dream sheep (Lair:6)
  A tarantella zombie (Spider:4)
  4 flying skulls (Tomb:2)
  A frost giant simulacrum (Vaults:2)
  3 tarantellas (shapeshifter)
  57 redbacks
  4 shadows
  A redback (shapeshifter) (Depths:3)
  34 tarantellas
  A wyvern (shapeshifter) (Vaults:5)
  14 spriggans
  14 water elementals
  4 hogs (Lair:6)
  10 ushabtiu
  3 air elementals
  A vampire (D:14)
  11 wraiths
  9 yaks
  Grum (D:8)
  6 fire elementals
  8 fire bats
  A golden eye (shapeshifter) (Vaults:4)
  10 wyverns
  18 golden eyes
  10 basilisks
  14 vampire mosquitoes
  8 wargs
  A water nymph zombie (Crypt:1)
  2 soldier ants (shapeshifter)
  23 insubstantial wisps
  A deep troll zombie (Crypt:3)
  17 swamp worms
  2 acid dragons
  12 water moccasins
  3 floating eyes
  8 porcupines
  Duvessa (D:4)
  6 hell hounds
  5 ice beasts
  2 necrophages
  A meliai simulacrum (D:15)
  40 orc warriors
  15 swamp drakes
  5 sky beasts
  2 black bears (shapeshifter)
  A spiny frog skeleton (Crypt:3)
  4 phantoms
  5 black bears
  3 spectral hornets (Spider:4)
  An eye of draining (shapeshifter) (Depths:3)
  57 ogres
  2 slaves (D:8)
  An ettin simulacrum (Crypt:1)
  A tengu (shapeshifter) (Vaults:4)
  8 eyes of draining
  9 boggarts
  16 wolves
  16 centaurs
  14 crocodiles
  2 snapping turtle skeletons
  2 dream sheep skeletons (Crypt:1)
  A hog skeleton (Crypt:2)
  2 big kobolds
  A big kobold (shapeshifter) (Vaults:2)
  10 bullfrogs
  A gnoll sergeant (D:10)
  2 earth elementals (Elf:2)
  A draconian skeleton (Crypt:3)
  Dowan (D:4)
  A raiju zombie (Crypt:1)
  2 wyvern skeletons
  A water moccasin skeleton (D:5)
  5 scorpions
  15 wights
  4 howler monkeys
  4 electric eels (Bailey)
  5 crimson imps
  4 bullfrog zombies
  7 hounds
  19 orc priests
  6 jellies
  6 centaur skeletons
  Crazy Yiuf (D:5)
  5 bullfrog skeletons
  An iguana (D:8)
  Ijyb (D:3)
  A human skeleton (Crypt:1)
  26 orc wizards
  13 worker ants
  Terence (D:3)
  A worker ant (shapeshifter) (Depths:3)
  A tengu zombie (Crypt:3)
  A killer bee zombie (D:6)
  A dwarf zombie (Crypt:1)
  A hound skeleton (D:6)
  35 mummies
  A howler monkey zombie (D:8)
  Robin (D:3)
  14 gnolls
  A howler monkey skeleton (D:5)
  21 adders
  A scorpion zombie (Crypt:3)
  A steam dragon skeleton (Crypt:2)
  2 swamp drake skeletons
  4 shadow imps
  A white imp (Vaults:4)
  An ufetubus (Depths:1)
  4 adder skeletons
  2 adder zombies
  An iguana skeleton (Crypt:3)
  2 worms (D:2)
  A barachi skeleton (Crypt:1)
  2 dart slugs (D:1)
  8 leopard geckos
  90 orcs
  2 ball pythons
  3 giant cockroaches
  27 goblins
  14 hobgoblins
  2 jackals (D:1)
  17 kobolds
  3 quokkas
  17 bats
  4 frilled lizards
  A frilled lizard zombie (Crypt:2)
  A leopard gecko skeleton (D:5)
  An orc skeleton (Crypt:3)
  2 quokka zombies
  4 rats (D:2)
  A river rat skeleton (Crypt:2)
  30 briar patches
  4 crawling corpses
  5 fungi
  A macabre mass (Depths:3)
  20 plants
2700 creatures vanquished.

Vanquished Creatures (collateral kills)
  A mummy priest (Tomb:1)
  A skeletal warrior (Crypt:3)
2 creatures vanquished.

Vanquished Creatures (others)
  An alligator (Swamp:3)
  2 death scarabs (Tomb:1)
  A swamp dragon (Swamp:4)
  A rime drake (shapeshifter) (Depths:4)
  A hornet (D:12)
  A swamp drake (Swamp:3)
  An ogre (Depths:3)
  A bullfrog zombie (D:12)
  A mummy (Tomb:1)
  5 briar patches (Swamp:4)
  6 fungi
  21 plants
42 creatures vanquished.

Grand Total: 2744 creatures vanquished

Notes
Turn   | Place    | Note
-------+----------+-------------------------------------------
     0 | D:1      | xccam the Minotaur Berserker began the quest for the Orb.
     0 | D:1      | Reached XP level 1. HP: 19/19 MP: 0/0
   257 | D:1      | Reached XP level 2. HP: 20/26 MP: 1/1
   557 | D:1      | Reached skill level 5 in Maces & Flails
   630 | D:1      | Reached XP level 3. HP: 21/31 MP: 2/2
   811 | D:2      | Reached ** piety under Trog
   832 | D:2      | Found a hazy altar of Hepliaklqana.
   907 | D:2      | Reached XP level 4. HP: 31/39 MP: 3/3
  1499 | D:3      | Reached XP level 5. HP: 27/45 MP: 4/4
  1683 | D:3      | Noticed Terence
  1690 | D:3      | Killed Terence
  1796 | D:3      | Noticed Ijyb
  1807 | D:3      | Killed Ijyb
  1807 | D:3      | Reached *** piety under Trog
  2084 | D:3      | Found a shimmering altar of Xom.
  2087 | D:3      | Found a shattered altar of Ashenzari.
  2090 | D:3      | Found an iron altar of Okawaru.
  2122 | D:3      | Reached XP level 6. HP: 51/51 MP: 5/5
  2193 | D:3      | Noticed Robin
  2207 | D:3      | Killed Robin
  2333 | D:4      | Noticed Duvessa
  2333 | D:4      | Noticed Dowan
  2339 | D:4      | Killed Duvessa
  2341 | D:4      | Killed Dowan
  2527 | D:4      | Found Vigil's Antique Armour Boutique.
  2533 | D:4      | Reached XP level 7. HP: 37/57 MP: 6/6
  2540 | D:4      | Bought a pair of glowing gloves for 172 gold pieces
  2620 | D:4      | Found a staircase to the Ecumenical Temple.
  2662 | D:4      | Reached skill level 10 in Maces & Flails
  3051 | D:5      | Entered Level 5 of the Dungeon
  3142 | D:5      | Reached **** piety under Trog
  3142 | D:5      | Reached XP level 8. HP: 64/64 MP: 7/7
  3337 | D:5      | Found a sacrificial altar of Ru.
  3522 | D:5      | Found a runed door.
  3526 | D:5      | Noticed Crazy Yiuf
  3527 | D:5      | Found the +6 shillelagh "Devastator" {shatter}
  3529 | D:5      | Killed Crazy Yiuf
  3751 | D:6      | Reached XP level 9. HP: 39/70 MP: 8/8
  4647 | D:7      | Reached ***** piety under Trog
  4648 | D:7      | Reached skill level 15 in Maces & Flails
  4892 | D:7      | Found a bloodstained altar of Trog.
  5389 | D:8      | Noticed a two-headed ogre
  5398 | D:8      | Killed a two-headed ogre
  5398 | D:8      | Reached skill level 5 in Fighting
  5398 | D:8      | Reached XP level 10. HP: 52/81 MP: 9/9
  5421 | D:8      | Noticed s04p's ghost (novice GnMo)
  5448 | D:8      | Killed s04p's ghost
  5448 | D:8      | Reached skill level 5 in Armour
  5614 | D:8      | Noticed Grum
  5618 | D:8      | Killed Grum
  5739 | D:8      | Found a glowing silver altar of Zin.
  5822 | D:8      | Noticed Pikel
  5833 | D:8      | Killed Pikel
  6274 | D:9      | Noticed a two-headed ogre
  6279 | D:9      | Killed a two-headed ogre
  6303 | D:9      | Noticed an elephant
  6310 | D:9      | Killed an elephant
  6310 | D:9      | Reached XP level 11. HP: 55/92 MP: 10/10
  6617 | D:9      | Found a burning altar of Makhleb.
  6722 | D:9      | Noticed a green death
  6747 | D:9      | Found a staircase to the Lair.
  6921 | D:9      | Found a staircase to the Orcish Mines.
  6963 | D:10     | Entered Level 10 of the Dungeon
  7076 | D:10     | Identified a scroll of acquirement
  7077 | D:10     | Got a scorched buckler
  7083 | D:10     | Identified the +0 buckler of Listlessness {rF- rC++ rCorr Dex+3} (You acquired it on level 10 of the Dungeon)
  7192 | D:10     | Received a gift from Trog
  7889 | D:11     | Noticed a two-headed ogre
  7918 | D:11     | Killed a two-headed ogre
  7918 | D:11     | Reached skill level 5 in Dodging
  7925 | D:11     | Found a flagged portal.
  7935 | Bailey   | Entered a bailey
  8030 | Bailey   | Found an iron altar of Okawaru.
  8030 | Bailey   | Noticed an orc sorcerer
  8031 | Bailey   | Noticed an orc knight
  8043 | Bailey   | Killed an orc sorcerer
  8057 | Bailey   | Killed an orc knight
  8255 | Bailey   | Noticed an orc knight
  8276 | Bailey   | Killed an orc knight
  8673 | D:11     | Noticed a white ugly thing
  8681 | D:11     | Killed a white ugly thing
  8871 | D:11     | Noticed a brown ugly thing
  8882 | D:11     | Killed a brown ugly thing
  9494 | Lair:1   | Entered Level 1 of the Lair of Beasts
  9541 | Lair:1   | Reached skill level 10 in Armour
  9666 | Lair:1   | Reached XP level 12. HP: 106/106 MP: 11/11
  9717 | Lair:1   | Noticed a death yak
  9726 | Lair:1   | Killed a death yak
  9726 | Lair:1   | Reached skill level 10 in Fighting
 11238 | Lair:3   | You fall through a shaft for 2 floors!
 11288 | Lair:5   | Received a gift from Trog
 11314 | Lair:5   | Reached ****** piety under Trog
 11409 | Lair:5   | Noticed a four-headed hydra
 11414 | Lair:5   | Killed a four-headed hydra
 11414 | Lair:5   | Reached XP level 13. HP: 117/117 MP: 12/12
 11473 | Lair:4   | Noticed Josephine
 11484 | Lair:4   | Killed Josephine
 11550 | Lair:4   | Gained mutation: Your mind is acute. (Int +2) [potion of mutation]
 11550 | Lair:4   | Gained mutation: Your mind is very acute. (Int +4) [potion of mutation]
 11550 | Lair:4   | Gained mutation: You are resistant to hostile enchantments. (MR+) [potion of mutation]
 11550 | Lair:4   | Gained mutation: You are partially covered in thin metallic scales. (AC +2) [potion of mutation]
 11638 | Lair:3   | Noticed a fire dragon
 11649 | Lair:3   | Killed a fire dragon
 12127 | Lair:3   | Found a staircase to the Swamp.
 12409 | Lair:4   | Found a hole to the Spider Nest.
 12462 | Lair:4   | Got a scorched ring mail
 12463 | Lair:4   | Identified the cursed +1 ring mail of Gravity {rN+ Str+4} (You found it on level 4 of the Lair of Beasts)
 13715 | Lair:6   | Entered Level 6 of the Lair of Beasts
 13735 | Lair:6   | Noticed Kirke
 13748 | Lair:6   | Killed Kirke
 13748 | Lair:6   | Received a gift from Trog
 14222 | Lair:6   | Received a gift from Trog
 14262 | Lair:6   | Reached XP level 14. HP: 130/130 MP: 13/13
 14285 | Lair:6   | Paralysed by a hornet for 1 turns
 14341 | Lair:6   | Found the +18 shield of the Gong {rElec rN+ MR+ EV-5}
 14379 | Lair:6   | Reached skill level 1 in Shields
 14535 | Lair:6   | Reached skill level 5 in Shields
 14777 | Lair:6   | Found the +1 cloak of Starlight {rElec rC+ EV+4 Stlth--}
 14832 | Lair:6   | Found a viscous altar of Jiyva.
 14832 | Lair:6   | Found a staircase to the Slime Pits.
 15356 | D:12     | Noticed Azrael
 15369 | D:12     | Killed Azrael
 15985 | D:13     | Received a gift from Trog
 15985 | D:13     | Reached skill level 10 in Shields
 16111 | D:13     | Found a flickering gateway to a bazaar.
 16120 | Bazaar   | Entered a bazaar
 16120 | Bazaar   | Found Vuriorr's Antique Weapon Shop.
 16126 | Bazaar   | Found Naw Yfud's Antique Armour Shop.
 16131 | Bazaar   | Found Ochec's Distillery.
 16139 | Bazaar   | Found Uliom's Book Shop.
 16147 | Bazaar   | Found Ihoycu's Armour Shop.
 16155 | Bazaar   | Bought the +5 plate armour "Zoimmi Kinek" {+Blink rPois MR+ SInv} for 532 gold pieces
 16210 | Bazaar   | Bought a warped whip for 157 gold pieces
 16210 | Bazaar   | Identified the +7 whip of Defiance {vamp, MR- Str+4 Int+3} (You bought it in a shop in a bazaar)
 16703 | D:14     | Reached XP level 15. HP: 138/138 MP: 14/14
 16705 | D:14     | Found a gate to the Vaults.
 17508 | D:15     | Entered Level 15 of the Dungeon
 17617 | D:15     | Received a gift from Trog
 17876 | D:15     | Found a blossoming altar of Fedhas.
 18084 | D:15     | Noticed a frost giant
 18090 | D:15     | Killed a frost giant
 18092 | D:15     | Found a staircase to the Depths.
 18366 | Swamp:1  | Entered Level 1 of the Swamp
 18606 | Swamp:1  | Reached skill level 15 in Shields
 18644 | Swamp:1  | Noticed a thorn hunter
 18656 | Swamp:1  | Killed a thorn hunter
 18656 | Swamp:1  | Reached skill level 15 in Armour
 19506 | Swamp:2  | Received a gift from Trog
 20322 | Swamp:3  | Reached skill level 15 in Fighting
 20331 | Swamp:3  | Reached XP level 16. HP: 124/149 MP: 15/15
 20471 | Swamp:3  | Received a gift from Trog
 20968 | Swamp:4  | Entered Level 4 of the Swamp
 21341 | Swamp:4  | Noticed a thorn hunter
 21355 | Swamp:4  | Killed a thorn hunter
 21436 | Swamp:4  | Reached skill level 10 in Dodging
 21437 | Swamp:4  | Noticed a thorn hunter
 21455 | Swamp:4  | Killed a thorn hunter
 21466 | Swamp:4  | Noticed a thorn hunter
 21486 | Swamp:4  | Killed a thorn hunter
 21511 | Swamp:4  | Noticed a thorn hunter
 21520 | Swamp:4  | Killed a thorn hunter
 21620 | Swamp:4  | Received a gift from Trog
 21731 | Swamp:4  | Noticed a thorn hunter
 21741 | Swamp:4  | Killed a thorn hunter
 21861 | Swamp:4  | Got a decaying rune of Zot
 22561 | Orc:1    | Entered Level 1 of the Orcish Mines
 22990 | Orc:2    | Entered Level 2 of the Orcish Mines
 23190 | Orc:2    | Reached XP level 17. HP: 160/160 MP: 16/16
 23296 | Orc:2    | Found a staircase to the Elven Halls.
 23308 | Orc:2    | Found Exteg's Armour Emporium.
 23484 | Orc:2    | Found Pohubbaomy's Jewellery Shop.
 23484 | Orc:2    | Found Quyc's Antique Weapon Emporium.
 23484 | Orc:2    | Found Qatip's General Store.
 23834 | Orc:2    | Bought the ring of Conformity {rF+ rC+ Str+4} for 663 gold pieces
 23834 | Orc:2    | Bought the ring of Generosity {Dex+4 Slay+5} for 770 gold pieces
 24005 | Spider:1 | Entered Level 1 of the Spider Nest
 24393 | Spider:1 | Received a gift from Trog
 25202 | Spider:3 | Noticed Donald
 25240 | Spider:3 | Killed Donald
 25242 | Spider:3 | Got a dazzling shield {Donald}
 25243 | Spider:3 | Identified the +7 shield of Jigsaw {rF+ Slay+3} (You took it off Donald on level 3 of the Spider Nest)
 25945 | Spider:3 | Received a gift from Trog
 26360 | Spider:4 | Entered Level 4 of the Spider Nest
 26493 | Spider:4 | Noticed Louise
 26505 | Spider:4 | Killed Louise
 26567 | Spider:4 | Noticed Arachne
 26577 | Spider:4 | Killed Arachne
 26577 | Spider:4 | Received a gift from Trog
 26715 | Spider:4 | Reached XP level 18. HP: 154/172 MP: 0/17
 27098 | Spider:4 | Received a gift from Trog
 27316 | Spider:4 | Got a gossamer rune of Zot
 27705 | Vaults:1 | Entered Level 1 of the Vaults
 28437 | Vaults:1 | Received a gift from Trog
 28817 | Vaults:2 | Reached skill level 15 in Dodging
 29015 | Vaults:2 | Received a gift from Trog
 29021 | Vaults:2 | Reached XP level 19. HP: 179/183 MP: 18/18
 29049 | Vaults:2 | Found a staircase to the Crypt.
 29049 | Vaults:2 | Found a basalt altar of Yredelemnul.
 29050 | Vaults:2 | Found an ancient bone altar of Kikubaaqudgha.
 29112 | Vaults:2 | Noticed Monsterracer's ghost (adept OpMo)
 29123 | Vaults:2 | Killed Monsterracer's ghost
 29506 | Vaults:2 | Received a gift from Trog
 29631 | Vaults:2 | Found Boqo's Antique Weapon Boutique.
 30329 | Vaults:3 | Noticed Jorgrun
 30338 | Vaults:3 | Killed Jorgrun
 30538 | Vaults:3 | Received a gift from Trog
 30797 | Vaults:3 | Noticed a lich
 30805 | Vaults:3 | Killed a lich
 31012 | Vaults:3 | Reached XP level 20. HP: 192/192 MP: 19/19
 31437 | Vaults:4 | Received a gift from Trog
 31982 | Vaults:4 | Received a gift from Trog
 32236 | Vaults:5 | Entered Level 5 of the Vaults
 32238 | Vaults:5 | Noticed Jory
 32285 | Vaults:5 | Killed Jory
 32392 | Vaults:5 | Noticed a golden dragon
 32392 | Vaults:5 | Received a gift from Trog
 32394 | Vaults:5 | Reached XP level 21. HP: 202/204 MP: 20/20
 32405 | Vaults:5 | Killed a golden dragon
 32421 | Vaults:5 | Noticed an ancient lich
 32440 | Vaults:5 | Killed an ancient lich
 32527 | Vaults:5 | Noticed Xtahua
 32546 | Vaults:5 | Killed Xtahua
 32969 | Vaults:5 | Got a crude granite ring
 33084 | Vaults:5 | Received a gift from Trog
 33307 | Vaults:5 | Got a glittering granite ring
 33308 | Vaults:5 | Identified the ring of Jeplaosh {rF+ Int+2} (You found it on level 5 of the Vaults)
 33309 | Vaults:5 | Identified the ring of Venwity {rN+ MP+9 Str+5 Int+2 Dex-4} (You took it off a yaktaur captain on level 5 of the Vaults)
 33433 | Vaults:5 | Got a polished fustibalus
 33434 | Vaults:5 | Identified the +9 fustibalus of Weesext {venom, *Contam rPois Str+5} (You acquired it on level 5 of the Vaults)
 33598 | Vaults:5 | Reached XP level 22. HP: 217/217 MP: 21/21
 33715 | Vaults:5 | Got a silver rune of Zot
 33740 | Vaults:5 | Identified Sif Muna's Guide on Lethal Displacement
 33953 | Vaults:5 | Got a distressingly furry cloak
 33954 | Vaults:5 | Identified the +1 cloak "Yzanoly" {rElec} (You found it on level 5 of the Vaults)
 34459 | Elf:1    | Entered Level 1 of the Elven Halls
 34745 | Elf:1    | Received a gift from Trog
 34847 | Elf:1    | Found Epreaz's Jewellery Emporium.
 34847 | Elf:1    | Found Lagie's Book Shoppe.
 35031 | Elf:1    | Gained mutation: Armour fits poorly on your strangely shaped body. [a cacodemon]
 35694 | Elf:2    | Received a gift from Trog
 36111 | Elf:2    | Found a runed gate.
 36111 | Elf:2    | Found a runed gate.
 36111 | Elf:2    | Found a runed gate.
 36289 | Elf:2    | Found Sez Wiecs's Antique Armour Emporium.
 36443 | Elf:2    | Received a gift from Trog
 36747 | Elf:3    | Entered Level 3 of the Elven Halls
 36747 | Elf:3    | Noticed Fairytaker's ghost (adept HOFi)
 36778 | Elf:3    | Killed Fairytaker's ghost
 36885 | Elf:3    | Received a gift from Trog
 37576 | Elf:3    | Received a gift from Trog
 37985 | Elf:3    | Reached XP level 23. HP: 216/234 MP: 22/22
 38264 | Elf:3    | Got a flickering wooden ring
 38677 | Elf:3    | Identified the ring of Zylef {rPois Dex+4 Stlth+} (You took it off a deep elf annihilator on level 3 of the Elven Halls)
 39127 | Depths:1 | Entered Level 1 of the Depths
 39127 | Depths:1 | Found a gateway to Hell.
 39149 | Depths:1 | Received a gift from Trog
 39586 | Depths:1 | Found a shimmering altar of Xom.
 39591 | Depths:1 | Found an opulent altar of Gozag.
 39591 | Depths:1 | Found a sparkling altar of Nemelex Xobeh.
 39599 | Depths:1 | Found a blossoming altar of Fedhas.
 39599 | Depths:1 | Found an opulent altar of Gozag.
 39599 | Depths:1 | Found a burning altar of Makhleb.
 39950 | Depths:1 | Found a one-way gate leading to the halls of Pandemonium.
 40173 | Depths:2 | Received a gift from Trog
 40234 | Depths:2 | Found a gateway to a ziggurat.
 40638 | Depths:2 | Found a one-way gate to the infinite horrors of the Abyss.
 40779 | Depths:2 | Found the +6 lightning scales {run, rElec}
 41333 | Depths:3 | Paralysed by a floating eye for 2 turns
 41336 | Depths:3 | Received a gift from Trog
 41627 | Depths:3 | Got an ancient plate armour
 41628 | Depths:3 | Identified the +10 plate armour of the Thoughtful Deaths {+Blink Str+2 Stlth+} (You found it on level 3 of the Depths)
 41650 | Depths:3 | Reached XP level 24. HP: 247/247 MP: 22/22
 41960 | Depths:3 | Reached skill level 27 in Fighting
 41982 | Depths:3 | Received a gift from Trog
 42197 | Depths:3 | Reached skill level 1 in Evocations
 42484 | Depths:3 | Received a gift from Trog
 42499 | Depths:3 | Got a coiled lapis lazuli ring
 42712 | Depths:3 | Identified the ring of Vehumet's Benevolence {+Fly rC++} (You took it off a deep elf mage on level 3 of the Depths)
 43183 | Depths:4 | Received a gift from Trog
 43193 | Depths:4 | Noticed an ancient lich
 43208 | Depths:4 | Killed an ancient lich
 43214 | Depths:4 | Found a bloodstained altar of Trog.
 43256 | Depths:4 | Reached XP level 25. HP: 252/257 MP: 24/24
 43420 | Depths:4 | Found an iron altar of Okawaru.
 43936 | Depths:5 | Entered Level 5 of the Depths
 43988 | Depths:5 | Received a gift from Trog
 44278 | Depths:5 | Found a gate to the Realm of Zot.
 45237 | Slime:1  | Entered Level 1 of the Pits of Slime
 45921 | Slime:2  | Received a gift from Trog
 45953 | Slime:2  | Gained mutation: Scrolls take you a little longer to read. [a shining eye]
 47116 | Slime:4  | Gained mutation: You are weak. (Str -2) [a shining eye]
 47432 | Slime:3  | Reached XP level 26. HP: 266/266 MP: 25/25
 47464 | Slime:3  | Gained mutation: You are frail. (-10% HP) [a shining eye]
 47464 | Slime:3  | Gained mutation: Scrolls take you longer to read. [a shining eye]
 47676 | Slime:5  | Entered Level 5 of the Pits of Slime
 47679 | Slime:5  | Paralysed by a floating eye for 2 turns
 47683 | Slime:5  | Paralysed by a floating eye for 3 turns
 48061 | Slime:5  | Received a gift from Trog
 48068 | Slime:5  | Paralysed by a floating eye for 4 turns
 48086 | Slime:5  | Paralysed by a floating eye for 2 turns
 48197 | Slime:5  | Reached skill level 27 in Armour
 48346 | Slime:5  | Found a viscous altar of Jiyva.
 48376 | Slime:5  | Noticed the Royal Jelly
 48384 | Slime:5  | Found the +9 heavy crossbow "Sniper" {velocity, Acc+∞ SInv}
 48389 | Slime:5  | Killed the Royal Jelly
 48460 | Slime:5  | Got a sparkling turquoise ring
 48474 | Slime:5  | Got a pair of ichor-stained gloves
 48477 | Slime:5  | Identified the +1 pair of gloves of the Lily {*Contam rPois SInv Stlth-} (You found it on level 5 of the Pits of Slime)
 48487 | Slime:5  | Identified the ring "Nisesut" {Fire rPois Str-4 Slay+5} (You found it on level 5 of the Pits of Slime)
 48498 | Slime:5  | Got a slimy bronze ring
 48501 | Slime:5  | Identified the ring "Sionohu" {Wiz Int+3 Dex+2} (You found it on level 5 of the Pits of Slime)
 48506 | Slime:5  | Got a slimy rune of Zot
 48532 | Slime:5  | Got a warped bronze amulet
 48535 | Slime:5  | Identified the amulet "Jenyl" {RegenMP *Drain rPois Str+3 Int+4} (You found it on level 5 of the Pits of Slime)
 48537 | Slime:5  | Got a fine pewter amulet
 48540 | Slime:5  | Identified the amulet of Geak {rElec rF+ rC+ Regen+ Str+3} (You found it on level 5 of the Pits of Slime)
 49080 | Crypt:1  | Entered Level 1 of the Crypt
 49358 | Crypt:1  | Found a basalt altar of Yredelemnul.
 49378 | Crypt:1  | Received a gift from Trog
 49597 | Crypt:1  | Got a spiked plate armour
 49600 | Crypt:1  | Identified the +10 plate armour of Beogh's Approval {rElec} (You found it on level 1 of the Crypt)
 50673 | Crypt:3  | Entered Level 3 of the Crypt
 50732 | Crypt:3  | Received a gift from Trog
 51693 | Crypt:3  | Reached XP level 27. HP: 245/245 MP: 25/25
 51914 | Crypt:3  | Found a basalt altar of Yredelemnul.
 51917 | Crypt:3  | Found an ancient bone altar of Kikubaaqudgha.
 51934 | Crypt:3  | Received a gift from Trog
 51987 | Crypt:3  | Found the +9 sword of Zonguldrok {reap}
 51987 | Crypt:3  | Found the cursed +13 scythe of Curses {drain, *Curse}
 52174 | Crypt:3  | Found a staircase to the Tomb.
 52426 | Tomb:1   | Entered Level 1 of the Tomb of the Ancients
 52927 | Tomb:1   | Noticed a greater mummy
 53062 | Tomb:1   | Killed a greater mummy
 53566 | Tomb:2   | Noticed a greater mummy
 53566 | Tomb:2   | Noticed a greater mummy
 53566 | Tomb:2   | Noticed a greater mummy
 53587 | Tomb:2   | Noticed a greater mummy
 53596 | Tomb:2   | Killed a greater mummy
 53603 | Tomb:2   | Killed a greater mummy
 53606 | Tomb:2   | HP: 15/367 [emperor scorpion[a greater mummy] (9)]
 53607 | Tomb:2   | HP: 3/367 [greater mummy (9)]
 53608 | Tomb:2   | Slain by an emperor scorpion

Skill      XL: |  1  2  3  4  5  6  7  8  9 10 11 12 13 14 15 16 17 18 19 20 21 22 23 24 25 26 27 |
---------------+----------------------------------------------------------------------------------+-----
Maces & Flails | 4 5 7 8 9 11 13 15 16 17 18 19 20 | 20.5
Fighting       | 5 7 9 11 13 14 15 16 18 19 20 22 23 25 26 27 | 27.0
Armour         | 4 7 10 12 14 15 17 18 20 21 22 23 24 25 26 27 | 27.0
Dodging        | 3 4 5 6 7 9 11 13 15 16 17 18 19 20 21 23 25 26 | 26.7
Shields        | 12 15 17 18 | 18.6
Evocations     | 3 4 |  4.0

Action                   |  1- 3 |  4- 6 |  7- 9 | 10-12 | 13-15 | 16-18 | 19-21 | 22-24 | 25-27 || total
-------------------------+-------+-------+-------+-------+-------+-------+-------+-------+-------++-------
Melee: Mace              |    70 |    61 |       |       |       |    10 |       |       |       ||   141
       Headbutt          |    10 |    14 |    38 |    70 |   204 |   318 |   304 |   499 |   681 ||  2138
       Flail             |       |    62 |    91 |       |       |       |       |       |       ||   153
       Shillelagh        |       |       |   107 |   406 |   850 |  1104 |   807 |   514 |       ||  3788
       Demon whip        |       |       |       |       |       |       |       |   915 |  1913 ||  2828
Invok: Berserk           |       |     4 |     1 |     1 |     3 |     1 |     3 |     7 |     8 ||    28
       Trog's Hand       |       |       |     1 |     5 |     8 |    11 |    11 |    34 |    39 ||   109
       Burn Spellbooks   |       |       |       |     1 |     2 |     2 |     8 |    11 |     6 ||    30
       Brothers in Arms  |       |       |       |       |       |       |       |     2 |     5 ||     7
Evoke: Wand              |       |       |       |       |       |       |       |       |     2 ||     2
  Use: Scroll            |       |     6 |     3 |    10 |    11 |     3 |    11 |    26 |    21 ||    91
       Potion            |       |       |     8 |     4 |     3 |     2 |       |     4 |    14 ||    35
 Stab: Confused          |       |       |       |       |       |     1 |       |       |       ||     1
       Distracted        |       |       |       |       |       |       |     1 |       |       ||     1
       Invisible         |       |       |       |       |       |       |       |       |     1 ||     1
  Eat: Chunk             |       |     7 |     7 |    17 |    20 |    22 |    22 |    35 |     4 ||   134
       Ration            |       |     1 |     1 |     1 |     4 |     4 |       |     5 |    16 ||    32
Armor: Animal skin       |    11 |       |       |       |       |       |       |       |       ||    11
       Ring mail         |     5 |    46 |    58 |    20 |       |       |       |       |       ||   129
       Skin              |       |       |       |    10 |       |       |       |       |       ||    10
       Scale mail        |       |       |       |    44 |       |       |       |       |       ||    44
       Plate armour      |       |       |       |    65 |   258 |   206 |   157 |   247 |    41 ||   974
       Gold dragon scale |       |       |       |       |       |       |       |       |   576 ||   576
Dodge: Dodged            |    57 |    60 |    92 |   159 |   163 |   259 |   293 |   540 |   880 ||  2503
Block: Shield            |       |       |       |       |   631 |  1018 |   633 |  1139 |  1919 ||  5340
       Reflection        |       |       |       |       |       |       |       |       |     8 ||     8
